 Dungeon Crawl Stone Soup version 0.22.1-1-ga44c0e5 (webtiles) character file.

3642 Anon1729 the Cruncher (level 10, -1/81 (84) HPs)
             Began as a Ghoul Gladiator on Oct 25, 2018.
             Was a Believer of Wu Jian.
             Slain by a sky beast (5 damage)
             ... on level 10 of the Dungeon.
             The game lasted 00:14:24 (9235 turns).

Anon1729 the Cruncher (Ghoul Gladiator)             Turns: 9235, Time: 00:14:25

HP:   -1/81 (84)    AC: 10    Str: 20      XL:     10   Next: 12%
MP:   9/9           EV: 14    Int:  8      God:    Wu Jian [**....]
Gold: 637           SH:  0    Dex:  9 (10) Spells: 9/9 levels left

rFire    . . .     SeeInvis .   t - +4 quarterstaff (chaos)
rCold    + . .     Gourm    .   (shield currently unavailable)
rNeg     + + +     Faith    .   O - +0 leather armour (curse)
rPois    ∞         Spirit   .   Q - +2 helmet "Zyticazeho" {rN+ Int+3}
rElec    .         Reflect  .   u - +0 cloak {MR+}
rCorr    +         Harm     .   n - +0 pair of gloves
MR       +....                  H - +0 pair of boots
Stlth    ++........             (no amulet)
HPRegen  0.00/turn              y - ring of flight
MPRegen  0.11/turn              E - ring of resist corrosion

@: rotting
A: rotting body, claws 1, carnivore, cold resistance 1, negative energy
resistance 3, inhibited regeneration, torment resistance, unbreathing
a: Wall Jump, Renounce Religion, Evoke Flight


You were on level 10 of the Dungeon.
You worshipped Wu Jian.
Wu Jian was pleased with you.
You were not hungry.

You visited 2 branches of the dungeon, and saw 11 of its levels.
You also visited: Ossuary.

You collected 637 gold pieces.

Inventory:

Hand Weapons
 a - a +0 quarterstaff
 p - the +10 spear of Arphah {pierce, +Rage rN+}
   (You found it on level 4 of the Dungeon)

   It inflicts extra damage upon your enemies.
   It protects you from negative energy.
   It lets you go berserk.
 r - a +3 flail of protection
 t - a +4 quarterstaff of chaos (weapon)
Missiles
 d - 3 throwing nets (quivered)
Armour
 b - a +0 leather armour
 c - a +0 helmet
 g - a scarf of repulsion
 n - a +0 pair of gloves (worn)
 u - a +0 cloak of magic resistance (worn)
 H - a +0 pair of boots (worn)
 O - a cursed +0 leather armour (worn)
 Q - the +2 helmet "Zyticazeho" (worn) {rN+ Int+3}
   (You found it on level 7 of the Dungeon)

   It affects your intelligence (+3).
   It protects you from negative energy.
Magical Staves
 R - an uncursed staff of cold {unknown}
Jewellery
 y - a ring of flight (left hand)
 E - a ring of resist corrosion (right hand)
 U - an uncursed ring of ice
 V - an uncursed ring of protection from cold {unknown}
Wands
 G - a wand of enslavement (22)
 J - a wand of polymorph (11)
 K - a wand of clouds (5)
Scrolls
 e - 3 scrolls of immolation {unknown}
 i - 16 scrolls of identify {unknown}
 j - 5 scrolls of remove curse {unknown}
 k - 6 scrolls of teleportation {unknown}
 l - 4 scrolls of enchant armour {unknown}
 m - 4 scrolls of amnesia {unknown}
 q - 3 scrolls of enchant weapon {unknown}
 v - 3 scrolls of blinking {unknown}
 x - 2 scrolls of random uselessness {unknown}
 B - 3 scrolls of fog {unknown}
 D - a scroll of fear {unknown}
 M - a scroll of noise {unknown}
 P - a scroll of silence {unknown}
 S - a scroll of vulnerability {unknown}
Potions
 h - 3 potions of curing {unknown}
 o - a potion of ambrosia {unknown}
 s - 3 potions of flight {unknown}
 w - 2 potions of cancellation {unknown}
 z - 2 potions of haste {unknown}
 A - 2 potions of heal wounds
 C - a potion of brilliance {unknown}
 I - a potion of experience {unknown}
 L - a potion of invisibility {unknown}
 N - a potion of magic {unknown}
 T - a potion of mutation {unknown}
Comestibles
 f - 20 rations
 F - 3 chunks of flesh


   Skills:
 + Level 6.5 Fighting
 + Level 9.6 Staves
 + Level 1.9 Throwing
 + Level 3.9 Armour
 + Level 5.7 Dodging
 + Level 4.6 Stealth


You had 9 spell levels left.
You didn't know any spells.
Your spell library was empty.

Dungeon Overview and Level Annotations

Branches:
Dungeon (10/15)            Temple (1/1) D:6            Lair (0/6) D:9
    Orc: D:9-12

Altars:
Ashenzari
Cheibriados
Dithmenos
Elyvilon
Fedhas
Gozag
Hepliaklqana
Kikubaaqudgha
Makhleb
Nemelex Xobeh
Okawaru
Qazlal
Ru
Sif Muna
Trog
Uskayaw
Vehumet
Wu Jian
Xom
Yredelemnul
Zin
The Shining One

Shops:
D:5 }

Annotations:
D:4 2 transporters
D:6 3 runed doors, bmj180's ghost, novice HaFi
D:7 3 runed doors, Zebedee's ghost, novice GrEE
D:8 exclusion: two-headed ogre
D:9 Jaiteiro's ghost, novice GnFi


Innate Abilities, Weirdness & Mutations

Your body is rotting away.
You thrive on raw meat.
You are immune to poison.
You have sharp fingernails.
You are carnivorous and can eat meat at any time.
Your flesh is cold resistant. (rC+)
You are immune to negative energy. (rN+++)
You do not regenerate when monsters are visible.
You are immune to unholy pain and torment.
You can survive without breathing.


Message History

* * * LOW HITPOINT WARNING * * *
You see here 15 gold pieces.
You repeatedly attack the sky beast from above.
You barely miss the sky beast. You hit the sky beast but do no damage.
The sky beast flickers and vanishes!
Deactivating autopickup; reactivate with Ctrl-A.
You repeatedly attack the orc from above.
You sock the orc!
You kill the orc!
The Council accepts your kill. Something hits you.
* * * LOW HITPOINT WARNING * * *
Something shocks you.
* * * LOW HITPOINT WARNING * * *
Something hits you.
* * * LOW HITPOINT WARNING * * *
The yak gores you but does no damage. Something hits you.
* * * LOW HITPOINT WARNING * * *
Something shocks you.
You die...

#.......#
#.......#
#..(....#
#.......#
#......<#
#.....{.#
#...)...#
#..{§§§.#
####@Y.##
##{.#
#.$# ##>#
#.# #.#
#.# #.#
#.#


You could see a yak.

Vanquished Creatures
  An ice beast (D:9)
  5 orc warriors
  2 sky beasts
  2 phantoms (D:6)
  5 ogres
  A big kobold (D:9)
  2 elf zombies (D:7)
  3 bullfrogs
  An elf skeleton (D:7)
  5 water moccasin zombies (Ossuary)
  A wyvern skeleton (D:9)
  A scorpion (D:5)
  3 wights (D:6)
  3 howler monkeys (D:8)
  6 crimson imps
  2 quasits
  A bullfrog zombie (D:4)
  2 hounds
  A gnoll shaman (D:8)
  4 orc priests
  Crazy Yiuf (D:2)
  An orc wizard (D:9)
  A human skeleton (D:7)
  Terence (D:2)
  9 worker ants
  A big kobold zombie (Ossuary)
  A hound zombie (D:7)
  A hound skeleton (D:6)
  2 mummies (Ossuary)
  4 gnolls (D:8)
  11 adders
  4 adder zombies
  3 worms
  6 leopard geckos
  21 orcs
  A ball python (D:2)
  5 giant cockroaches
  9 goblins
  6 hobgoblins
  14 jackals
  5 quokkas
  6 bats
  8 frilled lizards
  3 gnoll zombies (Ossuary)
  7 hobgoblin zombies (Ossuary)
  A jackal zombie (D:6)
  16 kobolds
  2 kobold zombies (Ossuary)
  A leopard gecko skeleton (D:4)
  2 orc skeletons (D:7)
  5 orc zombies (Ossuary)
  A quokka zombie (D:7)
  6 rats
216 creatures vanquished.

Vanquished Creatures (others)
  A big kobold zombie (Ossuary)
1 creature vanquished.

Grand Total: 217 creatures vanquished

Notes
Turn   | Place    | Note
-------+----------+-------------------------------------------
     0 | D:1      | Anon1729 the Ghoul Gladiator began the quest for the Orb.
     0 | D:1      | Reached XP level 1. HP: 17/17 MP: 0/0
    81 | D:1      | Found a glowing golden altar of the Shining One.
   216 | D:1      | Reached skill level 3 in Staves
   216 | D:1      | Reached XP level 2. HP: 24/24 MP: 1/1
   690 | D:2      | Reached XP level 3. HP: 21/29 MP: 2/2
   798 | D:2      | Reached skill level 1 in Armour
   847 | D:2      | Noticed Terence
  1172 | D:2      | Found a basalt altar of Yredelemnul.
  1175 | D:2      | Reached XP level 4. HP: 36/36 MP: 3/3
  1216 | D:2      | Found a runed door.
  1510 | D:2      | Killed Terence
  1510 | D:2      | Reached skill level 4 in Staves
  1510 | D:2      | Reached XP level 5. HP: 25/42 MP: 4/4
  1749 | D:2      | Noticed Crazy Yiuf
  1755 | D:2      | Killed Crazy Yiuf
  2214 | D:3      | Found a radiant altar of Vehumet.
  2251 | D:3      | Found an opulent altar of Gozag.
  2482 | D:4      | Found a transporter.
  2496 | D:4      | Noticed an orc warrior
  2500 | D:4      | Noticed a gargoyle
  2503 | D:4      | Found a shimmering altar of Xom.
  2504 | D:4      | Found an iron altar of Okawaru.
  2517 | D:4      | Found a transporter.
  2708 | D:4      | Reached XP level 6. HP: 51/51 MP: 5/5
  2963 | D:4      | Got an ichor-stained spear
  2983 | D:5      | Entered Level 5 of the Dungeon
  3056 | D:5      | Reached skill level 5 in Staves
  3056 | D:5      | Reached skill level 1 in Stealth
  3112 | D:5      | Reached XP level 7. HP: 24/57 MP: 6/6
  3444 | D:5      | Found a glowing silver altar of Zin.
  3446 | D:5      | Found a burning altar of Makhleb.
  3447 | D:5      | Noticed a blizzard demon
  3447 | D:5      | Noticed an angel
  3742 | D:5      | Found Gefyw's Gadget Emporium.
  4080 | D:6      | Found a runed gate.
  4080 | D:6      | Found a runed gate.
  4080 | D:6      | Found a runed gate.
  4082 | D:6      | Noticed bmj180's ghost (novice HaFi)
  4145 | D:6      | Reached skill level 6 in Staves
  4148 | D:6      | Reached XP level 8. HP: 32/66 MP: 7/7
  4322 | D:6      | Found a staircase to the Ecumenical Temple.
  4339 | Temple   | Entered the Ecumenical Temple
  4348 | Temple   | Became a worshipper of the Wu Jian Council
  4621 | D:6      | Found Leoniod's Armour Boutique.
  5313 | D:7      | Found a sparkling altar of Nemelex Xobeh.
  5533 | D:7      | Found a runed gate.
  5533 | D:7      | Found a runed gate.
  5533 | D:7      | Found a runed gate.
  5541 | D:7      | Noticed Zebedee's ghost (novice GrEE)
  5613 | D:7      | Reached skill level 7 in Staves
  5630 | D:7      | Found a sand-covered staircase.
  5635 | Ossuary  | Entered an ossuary
  5674 | Ossuary  | Reached * piety under Wu Jian
  5710 | Ossuary  | Reached skill level 5 in Fighting
  5760 | Ossuary  | Reached XP level 9. HP: 24/74 MP: 8/8
  6555 | D:7      | Reached skill level 8 in Staves
  6614 | D:7      | Got a smoking helmet
  6625 | D:7      | Identified the +2 helmet "Zyticazeho" {rN+ Int+3} (You
                  | found it on level 7 of the Dungeon)
  6638 | D:7      | Identified the +10 spear of Arphah {pierce, +Rage rN+} (You
                  | found it on level 4 of the Dungeon)
  6861 | D:8      | Reached skill level 5 in Dodging
  6912 | D:8      | Noticed a two-headed ogre
  6986 | D:8      | Found a hide-covered altar of Uskayaw.
  7009 | D:8      | Reached ** piety under Wu Jian
  7476 | D:8      | Found a stormy altar of Qazlal.
  8097 | D:9      | Found a staircase to the Lair.
  8329 | D:9      | Reached skill level 9 in Staves
  8423 | D:9      | Found a runed door.
  8423 | D:9      | Noticed Jaiteiro's ghost (novice GnFi)
  8459 | D:9      | Reached XP level 10. HP: 76/83 MP: 9/9
  9018 | D:10     | Entered Level 10 of the Dungeon
  9235 | D:10     | HP: 4/81 [something (2)]
  9235 | D:10     | Slain by a sky beast

Skill      XL: |  1  2  3  4  5  6  7  8  9 |
---------------+----------------------------+-----
Staves         | 3 4 5 6 7 9 |  9.6
Dodging        | 3 4 5 |  5.7
Armour         | 1 2 3 |  3.9
Fighting       | 3 4 5 6 |  6.5
Stealth        | 1 3 4 |  4.6
Throwing       | |  1.9

Action                   |  1- 3 |  4- 6 |  7- 9 | 10-12 || total
-------------------------+-------+-------+-------+-------++-------
Melee: Quarterstaff      |   109 |   162 |   431 |    54 ||   756
Invok: Lunge             |       |       |    25 |     1 ||    26
       Whirlwind         |       |       |    29 |    15 ||    44
       Wall Jump         |       |       |     1 |     1 ||     2
  Use: Potion            |       |       |     2 |       ||     2
 Stab: Paralysed         |       |       |     8 |       ||     8
       Sleeping          |       |       |     6 |       ||     6
       Petrified         |       |       |     3 |       ||     3
  Eat: Chunk             |       |    14 |    26 |       ||    40
Armor: Leather armour    |    36 |    44 |   110 |    13 ||   203
Dodge: Dodged            |    98 |   101 |   212 |    29 ||   440
